 Dungeon Crawl Stone Soup version 0.22.1-1-ga44c0e5 (webtiles) character file.

3783 LairdRich the Cleaver (level 9, -3/82 HPs)
             Began as a Minotaur Berserker on Aug 4, 2018.
             Was a High Priest of Trog.
             Slain by a nine-headed hydra (12 damage)
             ... on level 8 of the Dungeon on Oct 22, 2018.
             The game lasted 00:29:38 (7990 turns).

LairdRich the Cleaver (Minotaur Berserker)          Turns: 7990, Time: 00:29:40

Health: -3/82      AC:  9    Str: 22    XL:     9   Next: 95%
Magic:  8/8        EV: 10    Int:  4    God:    Trog [*****.]
Gold:   380        SH: 12    Dex: 13    Spells: 8/8 levels left

rFire    . . .     SeeInvis .   a - +0 war axe (freeze)
rCold    . . .     Gourm    .   m - +1 shield
rNeg     . . .     Faith    .   i - +0 scale mail
rPois    .         Spirit   .   (helmet restricted)
rElec    .         Reflect  .   (no cloak)
rCorr    .         Harm     .   (no gloves)
MR       .....                  (no boots)
Stlth    ..........             f - amulet of the acrobat
HPRegen  0.23/turn              u - +1 ring of protection
MPRegen  0.11/turn              (no ring)

@: no status effects
A: retaliatory headbutt, horns 2
a: Berserk, Trog's Hand, Brothers in Arms, Renounce Religion


You were on level 8 of the Dungeon.
You worshipped Trog.
Trog was extremely pleased with you.
You were not hungry.

You visited 1 branch of the dungeon, and saw 8 of its levels.

You collected 404 gold pieces.
You spent 24 gold pieces at shops.

Inventory:

Hand Weapons
 a - a +0 war axe of freezing (weapon)
 b - a +0 blowgun
Missiles
 o - 8 needles of frenzy
 z - 32 poisoned needles
 D - 15 stones (quivered)
Armour
 i - a +0 scale mail (worn)
 m - a +1 shield (worn)
Magical Staves
 A - an uncursed staff of wizardry {unknown}
Jewellery
 f - an amulet of the acrobat (around neck)
 u - a +1 ring of protection (left hand)
Wands
 s - a wand of polymorph (16)
 y - a wand of iceblast (10)
Scrolls
 c - 4 scrolls of remove curse
 j - 2 scrolls of fear
 l - 8 scrolls of teleportation
 p - a scroll of enchant weapon
 t - 2 scrolls of identify
 v - a scroll of enchant armour
 B - a scroll of magic mapping
 C - a scroll of random uselessness {unknown}
Potions
 d - a potion of flight
 g - 3 potions of heal wounds {unknown}
 h - a potion of might {unknown}
 k - a potion of brilliance {unknown}
 n - a potion of invisibility {unknown}
 q - a potion of degeneration {unknown}
 r - 4 potions of curing {unknown}
 x - 2 potions of agility
Comestibles
 e - 5 rations
 w - 12 chunks of flesh


   Skills:
 + Level 8.5 Fighting
 * Level 11.2 Axes
 + Level 8.1 Armour
 - Level 2.7 Dodging
 + Level 7.3 Shields


You had 8 spell levels left.
You didn't know any spells.
Your spell library was empty.

Dungeon Overview and Level Annotations

Branches:
Dungeon (8/15)             Temple (0/1) D:5
   Lair: D:8-11

Altars:
Ashenzari
Cheibriados
Dithmenos
Elyvilon
Gozag
Ru
Vehumet
Wu Jian
Xom

Shops:
D:4 ?[[


Innate Abilities, Weirdness & Mutations

You reflexively headbutt those who attack you in melee.
You have a pair of horns on your head.


Message History

You freeze the eight-headed hydra.
The eight-headed hydra is heavily wounded.
You slash the yak! You freeze the yak.
You kill the yak!
Trog accepts your kill.
You slice one of the eight-headed hydra's heads off!
The seven-headed hydra grows two more!
You slice the nine-headed hydra!! You freeze the nine-headed hydra!
The nine-headed hydra is severely wounded.
You slash the dream sheep! You freeze the dream sheep.
The dream sheep bites you.
* * * LOW HITPOINT WARNING * * *
The nine-headed hydra bites you!
* * * LOW HITPOINT WARNING * * *
The nine-headed hydra barely misses you.
The nine-headed hydra closely misses you.
You block the nine-headed hydra's attack. x2
The nine-headed hydra bites you but does no damage.
The nine-headed hydra bites you!
You die...

.. #.# .# ≈≈P#.##
.P≈≈#..# .K≈ #..#
≈.≈ #.##
#####.#####.# #
#..#..##.<.##
#.#####..Y......##
....#...@D#####.##
........(### #...#
$.......$..# #...#
..[.>..(...# #...#
.......<...# #...#
...........###...#
...####..........#
... ########...# #
#...#


You could see a nine-headed hydra, a big kobold and a dream sheep.

Vanquished Creatures
  A two-headed ogre (D:8)
  Sigmund (D:4)
  A yak (D:8)
  A water moccasin (D:8)
  An ice beast (D:6)
  A phantom (D:7)
  A necrophage (D:6)
  5 centaurs
  2 big kobolds (D:8)
  2 bullfrogs (D:6)
  3 scorpions
  3 wights (D:7)
  6 killer bees (D:7)
  7 howler monkeys
  3 crimson imps
  A quasit (D:8)
  A jelly (D:6)
  2 hounds
  A centaur zombie (D:8)
  2 orc wizards
  4 orc priests
  A bullfrog skeleton (D:7)
  A centaur skeleton (D:4)
  An iguana (D:5)
  7 worker ants
  A hound zombie (D:7)
  2 worker ant zombies (D:7)
  Robin (D:4)
  4 gnolls (D:3)
  11 adders
  2 shadow imps
  2 oozes
  An adder zombie (D:3)
  An adder skeleton (D:8)
  3 worms
  A dart slug (D:2)
  3 leopard geckos
  23 orcs
  A giant cockroach (D:8)
  16 goblins
  9 hobgoblins
  9 jackals
  9 kobolds
  3 quokkas
  2 ball pythons
  6 bats
  5 frilled lizards
  8 rats
182 creatures vanquished.

Vanquished Creatures (others)
  2 plants (D:8)
2 creatures vanquished.

Grand Total: 184 creatures vanquished

Notes
Turn   | Place    | Note
-------+----------+-------------------------------------------
     0 | D:1      | LairdRich the Minotaur Berserker began the quest for the
                  | Orb.
     0 | D:1      | Reached XP level 1. HP: 19/19 MP: 0/0
   167 | D:1      | Reached XP level 2. HP: 24/27 MP: 1/1
   674 | D:2      | Reached skill level 4 in Axes
   748 | D:2      | Reached ** piety under Trog
   748 | D:2      | Reached XP level 3. HP: 29/33 MP: 2/2
   890 | D:2      | Found a shimmering altar of Xom.
  1662 | D:3      | Reached XP level 4. HP: 36/40 MP: 3/3
  1796 | D:3      | Reached skill level 1 in Shields
  2174 | D:3      | Reached skill level 5 in Axes
  2174 | D:3      | Reached XP level 5. HP: 24/47 MP: 4/4
  2724 | D:4      | Found Osiesap's Antique Armour Shoppe.
  2724 | D:4      | Found Hecuivuqoh's Antique Armour Boutique.
  2775 | D:4      | Noticed Robin
  2785 | D:4      | Reached *** piety under Trog
  2799 | D:4      | Killed Robin
  2931 | D:4      | Found Xusapeqa's Magic Scroll Shop.
  2935 | D:4      | Bought a scroll of identify for 24 gold pieces
  2955 | D:4      | Reached XP level 6. HP: 45/55 MP: 5/5
  2961 | D:4      | Reached skill level 5 in Fighting
  2982 | D:4      | Noticed Sigmund
  2992 | D:4      | Killed Sigmund
  2992 | D:4      | Reached skill level 6 in Axes
  3466 | D:4      | Reached XP level 7. HP: 61/61 MP: 6/6
  3950 | D:5      | Entered Level 5 of the Dungeon
  3952 | D:5      | Found a staircase to the Ecumenical Temple.
  4387 | D:5      | Found a white marble altar of Elyvilon.
  4963 | D:6      | Reached skill level 5 in Armour
  4968 | D:6      | Reached skill level 7 in Axes
  5007 | D:6      | Received a gift from Trog
  5056 | D:6      | Reached XP level 8. HP: 66/70 MP: 7/7
  5061 | D:6      | Reached skill level 8 in Axes
  5752 | D:6      | Found a shadowy altar of Dithmenos.
  5861 | D:7      | Reached skill level 5 in Shields
  6262 | D:7      | Reached **** piety under Trog
  6309 | D:7      | Found a snail-covered altar of Cheibriados.
  6319 | D:7      | Reached skill level 9 in Axes
  6370 | D:7      | Found a shattered altar of Ashenzari.
  6433 | D:7      | Found an ornate altar of the Wu Jian Council.
  6434 | D:7      | Found an opulent altar of Gozag.
  6434 | D:7      | Found a sacrificial altar of Ru.
  6435 | D:7      | Found a radiant altar of Vehumet.
  6456 | D:7      | Reached XP level 9. HP: 32/79 MP: 8/8
  7022 | D:7      | Received a gift from Trog
  7385 | D:8      | Reached skill level 10 in Axes
  7524 | D:7      | Upgraded the game from 0.22-b1-21-g5cfc168 to
                  | 0.22.0-16-gc6d26f6
  7724 | D:8      | Upgraded the game from 0.22.0-16-gc6d26f6 to
                  | 0.22.1-1-ga44c0e5
  7838 | D:8      | Noticed a two-headed ogre
  7846 | D:8      | Killed a two-headed ogre
  7846 | D:8      | Reached skill level 11 in Axes
  7976 | D:8      | Reached ***** piety under Trog
  7976 | D:8      | Noticed a three-headed hydra
  7990 | D:8      | Slain by a nine-headed hydra

Skill      XL: |  1  2  3  4  5  6  7  8  9 |
---------------+----------------------------+-----
Fighting       | 4 5 6 7 8 |  8.5
Axes           | 4 5 6 7 9 11 | 11.2
Armour         | 3 4 5 6 8 |  8.1
Shields        | 1 2 3 4 5 7 |  7.3
Dodging        | |  2.7

Action                   |  1- 3 |  4- 6 |  7- 9 || total
-------------------------+-------+-------+-------++-------
Melee: Hand axe          |    82 |   122 |       ||   204
       Headbutt          |    13 |    25 |    46 ||    84
       War axe           |       |    28 |   247 ||   275
 Fire: Blowgun           |       |     9 |       ||     9
Invok: Berserk           |       |     2 |     2 ||     4
  Use: Scroll            |     1 |       |    13 ||    14
       Potion            |       |       |     1 ||     1
 Stab: Sleeping          |     1 |       |       ||     1
  Eat: Chunk             |     2 |     4 |     8 ||    14
       Ration            |       |     1 |     3 ||     4
Armor: Animal skin       |     9 |       |       ||     9
       Scale mail        |    26 |    48 |    88 ||   162
Dodge: Dodged            |    36 |    47 |   119 ||   202
Block: Shield            |    13 |    64 |   173 ||   250
